 Dungeon Crawl Stone Soup version 0.19-a0-1790-g026f1ef (webtiles) character file.

879 Proteus the Covert (level 7, -1/33 HPs)
             Began as a Spriggan Assassin on Oct 4, 2016.
             Slain by a slave (3 damage)
             ... led by Pikel
             ... on level 5 of the Dungeon.
             The game lasted 00:07:48 (3882 turns).

Proteus the Covert (Spriggan Assassin)              Turns: 3882, Time: 00:07:49

Health: -1/33      AC:  5    Str:  7    XL:     7   Next: 75%
Magic:  8/8        EV: 17    Int: 13    God:
Gold:   261        SH:  0    Dex: 19    Spells: 0 memorised, 6 levels left

rFire  . . .     SeeInvis +     i - +1 short sword (drain)
rCold  . . .     Gourm    .     m - +0 robe
rNeg   . . .     Faith    .     (shield restricted)
rPois  +         Spirit   .     (helmet restricted)
rElec  .         Dismiss  .     d - +2 cloak
rCorr  .         Reflect  .     (gloves unavailable)
MR     +....     Harm     +     (boots unavailable)
Stlth  +++++++...               j - amulet of harm
                                (no ring)
                                o - ring of poison resistance

@: very quick
A: unfitting armour, see invisible, herbivore 3, speed 3, slow metabolism 2
a: no special abilities


You were on level 5 of the Dungeon.
You were full.

You visited 1 branch of the dungeon, and saw 5 of its levels.

You collected 261 gold pieces.

Inventory:

Hand Weapons
 a - a +2 dagger
 b - a +0 blowgun
 i - a +1 short sword of draining (weapon)
Missiles
 e - 31 poisoned needles
 f - a curare-tipped needle
Armour
 d - a +2 cloak (worn)
 m - a +0 robe (worn)
Jewellery
 j - an amulet of harm (around neck)
 o - a ring of poison resistance (left hand)
Wands
 q - a wand of lightning (6/15)
Scrolls
 c - 2 scrolls of remove curse
 n - 2 scrolls of immolation
Potions
 k - a potion of brilliance
 l - a potion of berserk rage
Comestibles
 g - 4 bread rations


   Skills:
 - Level 1.5 Fighting
 - Level 2.1 Short Blades
 - Level 2.0 Throwing
 - Level 1.5 Dodging
 + Level 14.1 Stealth


You had 6 spell levels left.
You didn't know any spells.

Dungeon Overview and Level Annotations

Branches:
Dungeon (6/15)
 Temple: D:4-7

Altars:
Elyvilon
Sif Muna

Annotations:
D:5 Pikel


Innate Abilities, Weirdness & Mutations

You are very small and have problems with some larger weapons.
You are too small for most types of armour.
You have supernaturally acute eyesight. (SInv)
You are a herbivore.
You cover ground extremely quickly.
You need consume almost no food.


Message History

Found a robe and 30 bolts. 4 slaves and Pikel come into view.
Pikel is wielding a whip of flaming.
You see here a robe.
The slave shouts! x4
A leopard gecko zombie comes into view.
Found a stone staircase leading up.
Pikel completely misses you. The slave hits you.
You closely miss Pikel. Pikel hits you but does no damage.
The slave misses you.
You hit Pikel.
Pikel is lightly wounded.
The slave hits you! Pikel misses you. The slave barely misses you.
You closely miss Pikel.
Pikel is lightly wounded.
The slave closely misses you. The slave hits you.
Pikel hits you with a whip of flaming. Pikel burns you. The slave hits you!
* * * LOW HITPOINT WARNING * * *
You barely miss Pikel. The slave hits you but does no damage.
The slave hits you.
You die...

####.≈≈♣♣♣♣♣ ≈P.#.
##....P≈≈P≈≈≈ ≈...
##......≈P≈P≈P #..
#...........PP #..
#.........≈P≈# #..
#..........# #..
#.....[....# #.
#...p......# ##.
##K@p.....## #..
#..pp......# #####..
#..Z.............#..
#...........(.......
#..........###......
#..........# #...##.
##........## ##.....
##....<.## ##.#..
#....


You could see Pikel, 4 slaves and a leopard gecko zombie.

Vanquished Creatures
  Grinder (D:5)
  An ice beast (D:6)
  A phantom (D:5)
  2 ogres (D:3)
  A bullfrog (D:6)
  An iguana (D:6)
  Ijyb (D:2)
  Natasha (thrice) (D:2 D:3)
  A worker ant (D:6)
  A worker ant zombie (D:6)
  3 adders
  3 oozes
  A worm (D:2)
  2 dart slugs (D:1)
  7 orcs (D:3)
  A ball python (D:2)
  2 giant cockroaches
  10 goblins
  5 hobgoblins
  4 jackals (D:2)
  4 kobolds
  4 quokkas
  7 bats
  4 frilled lizards
  6 rats
76 creatures vanquished.

Notes
Turn   | Place    | Note
-------+----------+-------------------------------------------
     0 | D:1      | Proteus the Spriggan Assassin began the quest for the Orb.
     0 | D:1      | Reached XP level 1. HP: 10/10 MP: 2/2
    58 | D:1      | Reached skill level 6 in Stealth
   173 | D:1      | Reached XP level 2. HP: 3/14 MP: 3/3
   721 | D:1      | Reached skill level 7 in Stealth
  1260 | D:2      | Noticed Ijyb
  1267 | D:2      | Reached XP level 3. HP: 14/18 MP: 4/4
  1284 | D:2      | Killed Ijyb
  1284 | D:2      | Reached skill level 8 in Stealth
  1359 | D:2      | Noticed Natasha
  1371 | D:2      | Killed Natasha
  1371 | D:2      | Reached XP level 4. HP: 8/22 MP: 5/5
  1934 | D:2      | Reached skill level 9 in Stealth
  2163 | D:3      | Noticed Natasha
  2165 | D:3      | Killed Natasha
  2210 | D:3      | Reached XP level 5. HP: 25/25 MP: 6/6
  2290 | D:3      | Noticed Natasha
  2299 | D:3      | Killed Natasha
  2299 | D:3      | Reached skill level 10 in Stealth
  2542 | D:3      | Noticed an ogre
  2571 | D:3      | Killed an ogre
  2624 | D:3      | Reached skill level 11 in Stealth
  2624 | D:3      | Reached XP level 6. HP: 30/30 MP: 7/7
  3107 | D:3      | You fall through a shaft for 3 floors!
  3164 | D:6      | Reached skill level 12 in Stealth
  3185 | D:6      | Found a white marble altar of Elyvilon.
  3189 | D:6      | Found a deep blue altar of Sif Muna.
  3190 | D:6      | Noticed an ice beast
  3198 | D:6      | Killed an ice beast
  3198 | D:6      | Reached XP level 7. HP: 33/33 MP: 8/8
  3473 | D:5      | Entered Level 5 of the Dungeon
  3475 | D:5      | Noticed Grinder
  3477 | D:5      | Reached skill level 13 in Stealth
  3494 | D:5      | Killed Grinder
  3494 | D:5      | Reached skill level 14 in Stealth
  3876 | D:5      | Noticed Pikel
  3882 | D:5      | Slain by a slave

Vault maps used:
D:1:      roderic_chinese_lattice_arrival, kennysheep_small_spiral,
          hangedman_decor_clover_reticule
D:2:      first_bread, uniq_iyjb, uniq_natasha
D:3:      serial_glass, glass_columns_a, glass_columns_c, due_unseen_surprise,
          feat_on_display, item_on_display_a, minmay_strange_pillars,
          kennysheep_doodads, minmay_ogre_servants
D:5:      serial_bayou_pond_c, minmay_shop_grid_forest, nrook_loot_triangle,
          uniq_menkaure, uniq_crazy_yiuf_cottage, uniq_pikel, uniq_grinder
D:6:      lemuel_crystal_altar, grunt_temple_overflow_open, uniq_prince_ribbit1

Skill      XL: |  1  2  3  4  5  6  7 |
---------------+----------------------+-----
Stealth        | 6 7 8 9 11 12 14 | 14.1
Fighting       | |  1.5
Short Blades   | |  2.1
Throwing       | |  2.0
Dodging        | |  1.5

Action                   |  1- 3 |  4- 6 |  7- 9 || total
-------------------------+-------+-------+-------++-------
Melee: Dagger            |     9 |    26 |       ||    35
       Short sword       |    51 |   114 |    32 ||   197
 Fire: Blowgun           |     5 |    13 |       ||    18
  Use: Scroll            |       |    10 |     1 ||    11
       Potion            |       |       |     1 ||     1
 Stab: Sleeping          |     9 |     9 |     1 ||    19
       Distracted        |       |     2 |       ||     2
  Eat: Fruit             |       |       |     6 ||     6
Armor: Robe              |     4 |    18 |     2 ||    24
Dodge: Dodged            |    42 |   119 |    24 ||   185
